 Dungeon Crawl Stone Soup version 0.32-a0-931-g5a2cda0630 (webtiles) character file.

Game seed: 12932720514861132423

10054 Palms the Slicer (level 11, -12/74 HPs)
             Began as an Octopode Hedge Wizard on Apr 13, 2024.
             Was a High Priest of Cheibriados.
             Mangled by a yak (17 damage)
             ... on level 1 of the Lair of Beasts.
             The game lasted 00:51:30 (10374 turns).

Palms the Slicer (Octopode Hedge Wizard)           Turns: 10374, Time: 00:51:31

Health: -12/74     AC:  1    Str: 20    XL:     11   Next: 56%
Magic:  14/18      EV: 13    Int: 36    God:    Cheibriados [*****.]
Gold:   575        SH:  0    Dex: 25    Spells: 8/20 levels left

rFire   x . .        c - +4 short sword "Zexkem" {spect, rPois rN+ Will+}
rCold   + . .        (no shield)
rNeg    + . .        b - +0 hat
rPois   +            (no amulet)
rElec   .            x - ring of Rucainla {Ice Stlth+}
rCorr   .            K - +6 ring of intelligence
SInv    .            (no ring)
Will    +....        (no ring)
Stlth   +++++++      (no ring)
HPRegen 0.32/turn    (no ring)
MPRegen 0.16/turn    (no ring)
                     (no ring)

%: no passive effects
@: on blink cooldown, very slow
A: almost no armour, amphibious, 8 rings, camouflage 1, gelatinous body 1,
(nimble swimmer 1), tentacles
a: Renounce Religion, Bend Time, Temporal Distortion, Slouch, Step From Time


You were on level 1 of the Lair of Beasts.
You worshipped Cheibriados.
Cheibriados was extremely pleased with you.
You visited 3 branches of the dungeon, and saw 12 of its levels.
You also visited: Sewer.

You collected 635 gold pieces.
You spent 60 gold pieces at shops.

Inventory:

Hand Weapons
 a - a +1 short sword of electrocution
 c - the +4 short sword "Zexkem" (weapon) {spect, rPois rN+ Will+}
   (You found it on level 7 of the Dungeon)

   rPois:     It protects you from poison.
   rN+:       It protects you from negative energy.
   Will+:     It increases your willpower.
 d - a +2 dagger of flaming
 e - a +2 dagger of holy wrath
 z - a +2 dagger of freezing
Missiles
 f - 31 poisoned darts
 q - 3 darts of dispersal
 E - 2 throwing nets
Armour
 b - a +0 hat (worn)
Magical Staves
 s - a staff of earth
 w - a staff of conjuration
 D - a staff of air
Jewellery
 x - the ring of Rucainla (left tentacle) {Ice Stlth+}
   (You found it on level 6 of the Dungeon)

   [ring of ice]

   Ice:       It enhances your ice magic.
   rF-:       It makes you vulnerable to fire.
   rC+:       It protects you from cold.
   Stlth+:    It makes you more stealthy.
 H - a ring of ice
 K - a +6 ring of intelligence (right tentacle)
Talismans
 n - a serpent talisman
 J - a granite talisman
Wands
 t - a wand of charming (8)
 C - a wand of roots (35)
 P - a wand of acid (2)
Scrolls
 g - 2 scrolls of noise {unknown}
 i - a scroll of amnesia
 j - 2 scrolls of silence {unknown}
 k - 2 scrolls of poison
 l - 3 scrolls of fear {unknown}
 o - 3 scrolls of identify
 r - 3 scrolls of enchant weapon {unknown}
 v - 4 scrolls of teleportation {unknown}
 y - 2 scrolls of blinking
 A - 3 scrolls of fog
 B - 5 scrolls of enchant armour {unknown}
 F - 2 scrolls of summoning {unknown}
 N - a scroll of immolation
Potions
 h - 2 potions of curing
 m - a potion of haste {unknown}
 p - 2 potions of enlightenment {unknown}
 u - 2 potions of brilliance {unknown}
 G - 3 potions of magic
 I - 3 potions of heal wounds
 L - a potion of cancellation {unknown}
 M - a potion of degeneration {unknown}
 O - a potion of berserk rage {unknown}


   Skills:
 + Level 6.9 Fighting
 + Level 9.5 Short Blades
 - Level 2.0 Dodging
 + Level 8.7 Stealth
 - Level 5.0 Spellcasting
 - Level 5.0 Conjurations
 - Level 2.2 Summonings
 - Level 2.2 Translocations
 * Level 5.9 Fire Magic
 - Level 4.0 Air Magic
 + Level 6.7 Alchemy


You had 8 spell levels left.
You knew the following spells:

 Your Spells              Type           Power      Damage    Failure   Level
a - Magic Dart            Conj           100%       1d8       1%          1
b - Call Imp              Summ           48%        N/A       2%          2
c - Mephitic Cloud        Conj/Alch/Air  46%        N/A       1%          3
f - Ignite Poison         Fire/Alch      53%        N/A       2%          4
z - Blink                 Tloc           48%        N/A       2%          2

Your spell library contained the following spells:

 Spells                   Type           Power      Damage    Failure   Level
 Cigotuvi's Dreadful Rot  Necr/Alch/Air  68%        N/A       1%          2
 Sticky Flame             Fire/Alch      53%        2d9       2%          4
 Slow                     Hex            36%        N/A       3%          1
 Ignition                 Fire           25%        3d9       100%        8


Dungeon Overview and Level Annotations

Branches:
Dungeon (10/15)            Temple (1/1) D:5            Lair (1/5) D:9
  Sewer (visited)
    Orc: D:9-12

Altars:
Ashenzari
Cheibriados
Dithmenos
Elyvilon
Fedhas
Gozag
Hepliaklqana
Kikubaaqudgha
Makhleb
Okawaru
Ru
Trog
Vehumet
Wu Jian
Xom
Yredelemnul
The Shining One

Shops:
D:4 (   D:7 =


Innate Abilities, Weirdness & Mutations

You cannot wear most types of armour.
You are amphibious.
You can wear up to eight rings at the same time.
Your skin changes colour to match your surroundings (Stealth+).
Your rubbery body absorbs attacks. (AC +1, EV +1)
((You are camouflaged when in or above water. (Stealth+)))
You have tentacles for arms and can constrict up to eight enemies at once.


Message History

Press: ? - help, Shift-Dir - straight line The ball explodes into a vile cloud!
The stinking cloud engulfs the plant. x2
The stinking cloud engulfs the electric eel.
You hear a bellow!
You hear a loud, deep croak!
You hear a bellow!
Unknown command.
The electric eel shoots out a bolt of lightning at you!
The bolt of electricity hits the plant!
The plant begins to die.
The bolt of electricity misses you.
The electric eel shoots out a bolt of lightning at you!
The bolt of electricity hits the plant!
The bolt of electricity hits you!
The electric eel shoots out a bolt of lightning at you!
The bolt of electricity hits the plant!
The bolt of electricity hits you!
The electric eel shoots out a bolt of lightning at you!
The bolt of electricity hits the plant!
The bolt of electricity hits you.
The electric eel shoots out a bolt of lightning at you!
The bolt of electricity hits the plant!
The bolt of electricity hits you!
An electric eel comes into view.
The yak gores you.
You open the door. The yak gores you!
* * * LOW HITPOINT WARNING * * *
There is an open door here.
Casting: Mephitic Cloud (safe; 1% risk of failure)
Confirm with . or Enter, or press ? or * to list all spells.
A tiny devil pulls itself out of the air.
The yak gores you.
* * * LOW HITPOINT WARNING * * *
You swap places.
The yak gores your cerulean imp!
Your cerulean imp dies!
Your cerulean imp disappears in a puff of smoke!
The yak attacks as it pursues you! The yak gores you!
* * * LOW HITPOINT WARNING * * *
The yak barely misses you.
A cane toad comes into view.
Found an ivory wand.
The yak barely misses you.
Casting: Call Imp (safe; 2% risk of failure)
Confirm with . or Enter, or press ? or * to list all spells.
You blink.
The yak closely misses you. The yak gores you!
You die...
Cheibriados appreciates the motionlessness of death.

#.## ~~~~S≈≈≈≈~~ ###.#
#######+##~~♣~~P≈~~~P
#..'######.#.#......♣~♣~~~~♣P~
.......##..........♣♣~~~♣~~~♣P
.......††.####......S~~~P~~PP~
.......#### #....#..♣~~~~~~P♣
.......# #.....#♣~~~PS~~♣~
.....>.# #....####♣PP~~♣~♣
.......# ###@### ~♣~~~..
.+###.## #Y#.# #♣♣♣### . ###
#...# # ###.# #.......#
#......## #......# #.../..+
#......#


You could see a yak and an electric eel.

Vanquished Creatures
  Maurice (D:7)
  A polar bear (Lair:1)
  A hornet (D:9)
  A shadow (D:9)
  2 wyverns (D:7)
  27 yaks
  A steam dragon (D:7)
  2 acid dragons
  3 water moccasins
  2 orc warriors (D:8)
  A black bear (Lair:1)
  3 ice beasts
  3 sky beasts
  3 wolves (Lair:1)
  3 centaurs
  2 ogres
  A kobold brigand (D:7)
  7 bullfrogs
  A gnoll sergeant (D:9)
  4 scorpions
  7 wights
  10 howler monkeys
  A bombardier beetle (D:4)
  2 hounds
  4 orc priests
  2 gnoll boudas
  2 sleepcaps (D:6)
  4 iguanas
  8 orc wizards
  14 gnolls
  12 adders
  A river rat (D:4)
  3 white imps
  11 dart slugs
  3 ribbon worms
  21 orcs
  13 ball pythons
  3 endoplasms
  11 giant cockroaches
  9 goblins
  8 hobgoblins
  12 jackals
  12 kobolds
  2 quokkas
  4 bats
  10 frilled lizards
  5 rats
263 creatures vanquished.

Vanquished Creatures (collateral kills)
  A sky beast (D:6)
  A wight (D:6)
  An orc wizard (D:5)
  2 gnolls
  An adder (D:2)
  A dart slug (Sewer)
  An orc (D:4)
  2 ball pythons (Sewer)
  3 endoplasms
  3 giant cockroaches
  2 jackals
  A kobold (D:3)
  A frilled lizard (Sewer)
  A rat (D:4)
21 creatures vanquished.

Grand Total: 284 creatures vanquished

Notes
Turn   | Place    | Note
-------+----------+-------------------------------------------
     0 | D:1      | Palms the Octopode Hedge Wizard began the quest for the
                  | Orb.
     0 | D:1      | Reached XP level 1. HP: 11/11 MP: 4/4
   115 | D:1      | Reached XP level 2. HP: 18/18 MP: 3/6
   118 | D:1      | Learned a level 2 spell: Blink
   121 | D:1      | Learned a level 2 spell: Call Imp
   712 | D:1      | Reached XP level 3. HP: 22/22 MP: 7/7
   991 | D:2      | Reached skill level 1 in Fighting
  1474 | D:2      | Reached XP level 4. HP: 28/28 MP: 3/9
  2291 | D:3      | Found a faded altar of an unknown god.
  2381 | D:3      | Found a sacrificial altar of Ru.
  2386 | D:3      | Reached XP level 5. HP: 31/34 MP: 10/10
  2767 | D:4      | Found a glowing drain.
  2787 | D:4      | Reached XP level 6. HP: 33/41 MP: 5/11
  2791 | Sewer    | Entered a sewer
  2963 | Sewer    | Learned a level 3 spell: Mephitic Cloud
  3256 | Sewer    | Reached skill level 1 in Air Magic
  3256 | Sewer    | Reached skill level 1 in Alchemy
  3309 | D:4      | Found Regus's Weapon Emporium.
  3400 | D:4      | Reached XP level 7. HP: 21/46 MP: 10/13
  3614 | D:4      | Found a snail-covered altar of Cheibriados.
  3625 | D:4      | Became a worshipper of Cheibriados the Contemplative
  3743 | D:5      | Entered Level 5 of the Dungeon
  3860 | D:5      | Found a staircase to the Ecumenical Temple.
  3907 | Temple   | Entered the Ecumenical Temple
  4483 | D:4      | Reached skill level 1 in Short Blades
  4640 | D:4      | Bought 2 throwing nets for 60 gold pieces
  5042 | D:6      | Reached XP level 8. HP: 36/53 MP: 11/15
  5189 | D:6      | Reached skill level 2 in Short Blades
  5373 | D:6      | Found an ancient bone altar of Kikubaaqudgha.
  5383 | D:6      | Found an ornate altar of the Wu Jian Council.
  5562 | D:6      | Reached * piety under Cheibriados
  5629 | D:6      | Reached skill level 5 in Spellcasting
  5637 | D:6      | Reached skill level 3 in Short Blades
  5754 | D:6      | Identified the ring of Rucainla {Ice Stlth+}
  6053 | D:6      | Reached XP level 9. HP: 39/59 MP: 11/16
  6058 | D:6      | Reached skill level 4 in Short Blades
  6058 | D:6      | Reached skill level 5 in Stealth
  6696 | D:7      | Found Huqudis's Jewellery Boutique.
  6767 | D:7      | Reached ** piety under Cheibriados
  6768 | D:7      | Reached skill level 5 in Conjurations
  6771 | D:7      | Noticed Maurice
  6775 | D:7      | Reached skill level 5 in Fighting
  6780 | D:7      | Killed Maurice
  6781 | D:7      | Reached skill level 5 in Short Blades
  6799 | D:7      | Reached skill level 6 in Short Blades
  7063 | D:7      | Reached skill level 7 in Short Blades
  7121 | D:7      | Reached XP level 10. HP: 66/66 MP: 6/17
  7198 | D:7      | Identified the +4 short sword "Zexkem" {spect, rPois rN+
                  | Will+}
  7289 | D:7      | Reached skill level 8 in Short Blades
  7307 | D:7      | Reached *** piety under Cheibriados
  7487 | D:7      | Learned a level 4 spell: Ignite Poison
  7729 | D:8      | Reached skill level 1 in Fire Magic
  8196 | D:8      | Reached skill level 5 in Alchemy
  8748 | D:9      | Found a staircase to the Lair.
  8756 | D:9      | Reached **** piety under Cheibriados
  8918 | D:9      | Found a radiant altar of Vehumet.
  8999 | D:9      | Reached skill level 9 in Short Blades
  9005 | D:9      | Reached XP level 11. HP: 63/72 MP: 7/18
  9525 | D:10     | Entered Level 10 of the Dungeon
  9531 | D:10     | Found an iron altar of Okawaru.
  9725 | Lair:1   | Entered Level 1 of the Lair of Beasts
  9747 | Lair:1   | Reached skill level 5 in Fire Magic
 10161 | Lair:1   | Found a blossoming altar of Fedhas.
 10243 | Lair:1   | Reached ***** piety under Cheibriados
 10374 | Lair:1   | Mangled by a yak

Illustrated notes

Levels and vault maps discovered:
D:1:      minmay_arrival_shoal_huts, layout_loops_corners, minmay_misc_feat_iff
D:2:      layout_basic
D:3:      layout_rooms, nicolae_ru_great_annihilating_truth,
          shapermc_ecumenical_altar_petra
D:4:      cheibrodos_pilgrimage, layout_cave_pools, chei_slow_surprise,
          serial_shops, shop, portal_sewer_entry_c,
          hangedman_abyss_or_decor_stabs
D:5:      layout_loops_cross, minmay_temple_entry_glass
D:6:      layout_basic, jmf_multi_god_temple2, nrook_mini_vaults,
          minmay_pentangle
D:7:      layout_loops_ring, serial_shops, nicolae_lakefront_shop, uniq_maurice
D:8:      layout_cave_pools
D:9:      layout_grid_maze, vehumet_crystals, lair_entry_dummy,
          skrybe_limestone_x
D:10:     layout_loops_corners, old_standard_altar,
          chequers_temple_overflow_minitemple, kennysheep_little_box,
          serial_demonic, serial_demonic_c, serial_demonic_g, serial_demonic_b,
          serial_demonic_d, gammafunk_ghost_necromancy
Temple:   nicolae_temple_ecumenical_triangle
Lair:1:   layout_roguey, basic_altar, hangedman_lair_unloving_vines,
          serial_bayou_lake_a

Skill      XL: |  1  2  3  4  5  6  7  8  9 10 11 |
---------------+----------------------------------+-----
Fighting       | 1 2 3 4 5 6 |  6.9
Conjurations   | 2 3 4 5 |  5.0
Summonings     | 2 |  2.2
Translocations | 2 |  2.2
Spellcasting   | 4 5 |  5.0
Air Magic      | 1 2 3 4 |  4.0
Alchemy        | 1 2 3 4 5 6 |  6.7
Short Blades   | 1 3 7 9 |  9.5
Stealth        | 3 4 7 8 |  8.7
Fire Magic     | 4 5 |  5.9
Dodging        | |  2.0

Action                     |  1- 3 |  4- 6 |  7- 9 | 10-12 || total
---------------------------+-------+-------+-------+-------++-------
  Melee: Dagger            |    45 |   116 |    31 |       ||   192
         Constrict         |    17 |    42 |    37 |    23 ||   119
         Tentacles         |    10 |    34 |    40 |    40 ||   124
         Short sword       |       |       |   158 |   157 ||   315
  Throw: Dart              |       |     1 |     5 |       ||     6
   Cast: Magic Dart        |    22 |    45 |    39 |    15 ||   121
         Call Imp          |     8 |    17 |    24 |    12 ||    61
         Mephitic Cloud    |       |       |    22 |    43 ||    65
         Ignite Poison     |       |       |       |    12 ||    12
         Blink             |       |       |       |     1 ||     1
  Evoke: Wand              |       |       |       |     1 ||     1
    Use: Scroll            |       |       |       |     6 ||     6
   Stab: Sleeping          |     6 |     7 |     9 |     3 ||    25
         Distracted        |       |     1 |     2 |     4 ||     7
         Confused          |       |       |    15 |    20 ||    35
 Armour: Skin              |    27 |    36 |    90 |    61 ||   214
  Dodge: Dodged            |    17 |    53 |   105 |    69 ||   244

Table legend: (Time is in decaauts)
 A = Elapsed time spent in this place.
 B = Non-inter-level travel time spent in this place.
 C = Inter-level travel time spent in this place.
 D = Time resting spent in this place.
 E = Time spent auto-exploring this place.
 F = Levels seen in this place.
 G = Mean time per level.
                   A        B        C        D        E       F      G
               +--------+--------+--------+--------+--------+-----+--------+
         Total |  12164 |  11515 |    649 |   1296 |   7315 |  13 |  935.7 |
       Dungeon |  10947 |  10298 |    649 |   1157 |   6674 |  10 | 1094.7 |
        Temple |     88 |     88 |      0 |     87 |      0 |   1 |   88.0 |
          Lair |    632 |    632 |      0 |      0 |    441 |   1 |  632.0 |
         Sewer |    496 |    496 |      0 |     52 |    199 |   1 |  496.0 |
               +--------+--------+--------+--------+--------+-----+--------+

Top non-repeatable levels by time:
     D:9: 1674 daAuts
     D:7: 1674 daAuts
     D:6: 1529 daAuts
     D:5: 1247 daAuts
     D:4: 1130 daAuts
     D:2: 1091 daAuts
     D:1: 977 daAuts
     D:8: 940 daAuts
  Lair:1: 632 daAuts
     D:3: 540 daAuts
   Sewer: 496 daAuts
    D:10: 141 daAuts
  Temple: 88 daAuts
